 Dungeon Crawl Stone Soup version 0.27.1 (webtiles) character file.

Game seed: 14777663113295532403

1944 Tinkle the Skirmisher (level 8, -3/73 HPs)
             Began as a Minotaur Berserker on Aug 30, 2021.
             Was a Priest of Trog.
             Slain by an unseen horror (6 damage)
             ... on level 6 of the Dungeon.
             The game lasted 00:18:48 (6769 turns).

Tinkle the Skirmisher (Minotaur Berserker)          Turns: 6769, Time: 00:18:48

Health: -3/73      AC: 18    Str: 23    XL:     8   Next: 98%
Magic:  7/7        EV:  8    Int:  4    God:    Trog [***...]
Gold:   300        SH:  4    Dex: 11    Spells: 7/7 levels left

rFire    . . .     SeeInvis .   a - +0 hand axe
rCold    + . .     Faith    .   e - +0 buckler
rNeg     . . .     Spirit   .   q - +0 plate armour
rPois    .         Reflect  .   (helmet restricted)
rElec    .         Harm     .   s - +1 cloak {Stlth+}
rCorr    .         Rampage  .   (no gloves)
Will     .....                  d - +2 pair of boots
Stlth    ..........             (no amulet)
HPRegen  0.22/turn              x - ring of protection from cold
MPRegen  0.10/turn              (no ring)

@: no status effects
A: horns 2, retaliatory headbutt
a: Renounce Religion, Berserk, Trog's Hand


You were on level 6 of the Dungeon.
You worshipped Trog.
Trog was most pleased with you.
You visited 1 branch of the dungeon, and saw 6 of its levels.
You also visited: Ossuary.

You collected 300 gold pieces.

Inventory:

Hand Weapons
 a - a +0 hand axe (weapon)
 f - a +2 scythe of holy wrath
Missiles
 c - 10 poisoned darts (quivered)
 n - 2 curare-tipped darts
Armour
 d - a +2 pair of boots (worn)
 e - a +0 buckler (worn)
 q - a +0 plate armour (worn)
 s - a +1 cloak of stealth (worn)
Jewellery
 x - a ring of protection from cold (left hand)
Wands
 i - a wand of mindburst (5)
 k - a wand of polymorph (13)
 p - a wand of digging (5)
Scrolls
 h - a scroll of holy word
 l - 5 scrolls of teleportation
 o - 4 scrolls of summoning
 t - a scroll of magic mapping
 v - a scroll of fear
Potions
 b - 4 potions of curing
 g - 2 potions of mutation
 j - 2 potions of lignification
 m - 2 potions of might
 r - a potion of flight {unknown}
 u - 2 potions of attraction {unknown}
 w - a potion of cancellation {unknown}


   Skills:
 + Level 7.1 Fighting
 + Level 7.1 Axes
 + Level 6.4 Armour
 + Level 5.9 Dodging
 - Level 4.0 Shields
 + Level 3.9 Evocations


You had 7 spell levels left.
You didn't know any spells.
Your spell library was empty.

Dungeon Overview and Level Annotations

Branches:
Dungeon (6/15)             Temple (0/1) D:6         Ossuary (visited)

Altars:
Dithmenos
Kikubaaqudgha
Okawaru
Trog

Shops:
D:5 [


Innate Abilities, Weirdness & Mutations

You have a pair of horns on your head.
You reflexively headbutt those who attack you in melee.


Message History

Something hits you but does no damage. Something hits you but does no damage.
Something hits you.
Huge Dmg: -8%(-6hp) hp: 31%(22hp)
Something hits you but does no damage. Something hits you but does no damage.
Something hits you but does no damage. Something hits you.
* * * LOW HITPOINT WARNING * * *
Huge Dmg: -8%(-6hp) hp: 24%(17hp)
You closely miss something.
Something hits you but does no damage. x2
You miss something. Something hits you but does no damage.
Something hits you but does no damage. Something completely misses you.
Unknown command.
Something hits you.
* * * LOW HITPOINT WARNING * * *
Damage: -4%(-3hp) hp: 21%(15hp)
Something hits you but does no damage. x2
Something hits you!
* * * LOW HITPOINT WARNING * * *
Something hits you.
* * * LOW HITPOINT WARNING * * *
Huge Dmg: -14%(-10hp) hp: 7%(5hp)
You feel better. Something hits you.
* * * LOW HITPOINT WARNING * * *
Something hits you but does no damage. x2
You block something's attack.
You hit something. Your headbutt misses something.
Something hits you but does no damage. Something hits you but does no damage.
Something hits you but does no damage. Something hits you but does no damage.
Something hits you but does no damage. Something hits you.
* * * LOW HITPOINT WARNING * * *
Something hits you but does no damage. Something hits you.
* * * LOW HITPOINT WARNING * * *
Huge Dmg: -8%(-6hp) hp: 5%(3hp)
Something hits you.
You die...

*,**,**#.>...................
*,**,###........#.###########
*,**,#......#...#.# #
*,**,#......#...#.# #
*,**,#......#...#.#
*,**,#......#...#.# #####
*,**,#.........<#.# ##...##
***,*#.#........#.#.# ##..#..##
*,,,,,........@...#.###(.###...
******,#.#....#.###.##..##.##..
*,,,,,....##..#.#.#.#..##...##.
**,***.#***#..#.#.#...##.....##
**,**#.#####..#...#..#####'####
*,,,,.............#............
*****#........#####.#######.#.#
#######....# #.........#..
#....# #..######.##.


There were no monsters in sight!

Vanquished Creatures
  A two-headed ogre (D:6)
  Sigmund (D:4)
  Menkaure (D:5)
  2 black bears
  An ogre (D:5)
  4 centaur zombies (Ossuary)
  2 jellies (D:5)
  Crazy Yiuf (D:4)
  A hound (D:4)
  2 orc priests (D:5)
  Ijyb (D:4)
  2 iguanas
  An orc wizard (D:5)
  Natasha (D:4)
  6 mummies
  4 gnolls (D:2)
  9 adders
  A howler monkey skeleton (D:5)
  An ufetubus (D:5)
  An adder skeleton (D:4)
  A worm (D:2)
  2 dart slugs
  14 orcs
  5 ball pythons
  4 bats
  4 endoplasms
  A giant cockroach (D:1)
  7 hobgoblins
  10 jackals
  6 kobolds
  3 quokkas
  3 frilled lizards
  10 goblins
  3 hobgoblin zombies (Ossuary)
  4 rats
120 creatures vanquished.

Notes
Turn   | Place    | Note
-------+----------+-------------------------------------------
     0 | D:1      | Tinkle the Minotaur Berserker began the quest for the Orb.
     0 | D:1      | Reached XP level 1. HP: 19/19 MP: 0/0
   116 | D:1      | Reached XP level 2. HP: 25/27 MP: 1/1
   990 | D:2      | Reached XP level 3. HP: 28/33 MP: 2/2
  1099 | D:2      | Reached ** piety under Trog
  1180 | D:2      | Reached skill level 1 in Shields
  1388 | D:2      | Reached XP level 4. HP: 39/40 MP: 3/3
  1853 | D:3      | Found a faded altar of an unknown god.
  2295 | D:3      | Found an ancient bone altar of Kikubaaqudgha.
  2436 | D:3      | Found a bloodstained altar of Trog.
  2599 | D:4      | Found a shadowy altar of Dithmenos.
  2644 | D:4      | Reached XP level 5. HP: 42/47 MP: 4/4
  2727 | D:4      | Huge Dmg: 10 dmg
  2733 | D:4      | Huge Dmg: 8 dmg
  3148 | D:4      | Noticed Natasha
  3152 | D:4      | Killed Natasha
  3465 | D:4      | Noticed a black bear
  3477 | D:4      | Killed a black bear
  3478 | D:4      | Reached skill level 1 in Evocations
  3478 | D:4      | Reached XP level 6. HP: 35/55 MP: 5/5
  3621 | D:4      | Noticed Sigmund
  3631 | D:4      | Killed Sigmund
  3632 | D:4      | Reached skill level 5 in Fighting
  3632 | D:4      | Reached skill level 5 in Axes
  3636 | D:4      | Huge Dmg: 28 dmg
  3639 | D:4      | Reached XP level 7. HP: 61/61 MP: 6/6
  3663 | D:4      | Noticed Ijyb
  3684 | D:4      | Reached *** piety under Trog
  3694 | D:4      | Killed Ijyb
  3928 | D:4      | Found a runed translucent door.
  3929 | D:4      | Noticed Crazy Yiuf
  4146 | D:4      | Killed Crazy Yiuf
  4151 | D:4      | Huge Dmg: 20 dmg
  4289 | D:5      | Entered Level 5 of the Dungeon
  4306 | D:5      | Noticed Menkaure
  4307 | D:5      | Huge Dmg: 29 dmg
  4450 | D:5      | Huge Dmg: 29 dmg
  4479 | D:5      | Killed Menkaure
  4484 | D:5      | Huge Dmg: 28 dmg
  4609 | D:5      | Huge Dmg: 17 dmg
  4692 | D:5      | Huge Dmg: 23 dmg
  5112 | D:5      | Found Ilaje Coiq's Antique Armour Boutique.
  5117 | D:5      | Reached skill level 5 in Armour
  5265 | D:5      | Huge Dmg: 13 dmg
  5273 | D:5      | Huge Dmg: 16 dmg
  5282 | D:5      | Reached XP level 8. HP: 42/70 MP: 7/7
  5787 | D:6      | Noticed a two-headed ogre
  5793 | D:6      | Huge Dmg: 21 dmg
  5799 | D:6      | Killed a two-headed ogre
  5800 | D:6      | Reached skill level 5 in Dodging
  5804 | D:6      | Huge Dmg: 18 dmg
  6085 | D:6      | Found a staircase to the Ecumenical Temple.
  6137 | D:6      | Found a sand-covered staircase.
  6146 | Ossuary  | Entered an ossuary
  6693 | D:6      | Found an iron altar of Okawaru.
  6749 | D:6      | Huge Dmg: 6 dmg
  6753 | D:6      | Huge Dmg: 6 dmg
  6759 | D:6      | Huge Dmg: 10 dmg
  6768 | D:6      | HP: 3/73 [something (2)]
  6769 | D:6      | Huge Dmg: 6 dmg
  6769 | D:6      | Slain by an unseen horror

Illustrated notes

Levels and vault maps discovered:
D:1:      lightli_molten_gateway, layout_loops_ring
D:2:      layout_basic, kennysheep_decorative_pillar, glass_columns_b
D:3:      layout_loops_corners, mainiacjoe_overflow_alcove_1,
          mainiacjoe_overflow_six_doors_small,
          ebering_ecumenical_altar_sacrificial
D:4:      kennysheep_goblin_castle, layout_loops_corners, grunt_dithmenos_smoke,
          kennysheep_boxes, uniq_crazy_yiuf_cottage, uniq_sigmund, uniq_natasha
D:5:      layout_basic, serial_shops, nicolae_stop_n_shop_1, uniq_menkaure
D:6:      layout_basic, okawaru_trees_1, minitemple,
          minmay_temple_entry_steel_oval, gup_ossuary_entry_pyramid,
          minmay_misc_feat_cross, kennysheep_minor_cross

Skill      XL: |  1  2  3  4  5  6  7  8 |
---------------+-------------------------+-----
Axes           | 4 5 6 7 |  7.1
Fighting       | 4 5 6 7 |  7.1
Armour         | 3 4 5 6 |  6.4
Shields        | 1 2 3 4 |  4.0
Dodging        | 3 4 5 |  5.9
Evocations     | 1 2 3 |  3.9

Action                   |  1- 3 |  4- 6 |  7- 9 || total
-------------------------+-------+-------+-------++-------
Melee: Hand axe          |    75 |   127 |   177 ||   379
       Headbutt          |     7 |    22 |    30 ||    59
Throw: Dart              |       |    11 |       ||    11
Invok: Berserk           |       |     1 |     4 ||     5
       Trog's Hand       |       |     1 |     2 ||     3
  Use: Scroll            |     3 |     5 |     6 ||    14
       Potion            |       |       |     1 ||     1
Armor: Ring mail         |    22 |    30 |       ||    52
       Animal skin       |     4 |       |       ||     4
       Chain mail        |       |    33 |     3 ||    36
       Plate armour      |       |       |   136 ||   136
Dodge: Dodged            |    41 |    58 |    69 ||   168
Block: Buckler           |     4 |    20 |    46 ||    70
